cohdb
Replays
Latest Replays
All Replays
Popular Replays
Top Player Replays
Match Explorer
How It Works
Community
CoH3 Stats
Reddit
Sign in to upload your games and track your stats! →
Sign in with Steam
Match 44425387
Unlisted
Match 44425387
Overview
Messages
Build Orders
End
Construct Section Command Post
Dingo Light Scout Car
Infantry Section
Infantry Section
ML 3-inch Mortar Team
Construct Platoon Command Post
Humber Armored Car
Infantry Section
Selects Canadian Shock Battlegroup
Selects Attacking Spirit
Selects Incendiary Munitions
Selects Canadian Shock Section
Selects Pyrotechnics
Canadian Shock Section
Infantry Section
Infantry Training
6-pounder Anti-tank Gun Team
Construct Company Command Post
Vickers Machine Gun Team
Crusader II Medium Tank
Royal Engineer Section
Grenade Package
Canadian Shock Section
Selects Churchill Crocodile Heavy Tank
Churchill Crocodile Heavy Tank
Armored Vehicle Training
Unlock Towed 17-pounder Anti-tank Guns
VLKㆍGkost
◯ | Graffiter
LeeroyHeloł
MuniekPL
Husar
Zmasowany
0
0
Comments
sign in to comment!
No comments posted yet!